 Dungeon Crawl Stone Soup version 0.27-a0-597-g524d869a0f (webtiles) character file.

Game seed: 10234681319268918806

161 tilp the Insei (level 5, -1/36 HPs)
             Began as an Octopode Transmuter on Mar 11, 2021.
             Slain by a bullfrog (6 damage)
             ... on level 3 of the Dungeon.
             The game lasted 00:03:50 (3692 turns).

tilp the Insei (Octopode Transmuter)                Turns: 3692, Time: 00:03:50

Health: -1/36      AC:  1    Str:  9    XL:     5   Next: 42%
Magic:  7/8        EV: 13    Int: 16    God:
Gold:   166        SH:  0    Dex: 13    Spells: 2/8 levels left

rFire    . . .     SeeInvis .     - Unarmed
rCold    . . .     Faith    .   (no shield)
rNeg     . . .     Spirit   .   (helmet currently unavailable)
rPois    .         Reflect  .   (no amulet)
rElec    .         Harm     .   (no ring)
rCorr    .         Rampage  .   (no ring)
Will     .....                  (no ring)
Stlth    +++.......             (no ring)
HPRegen  0.12/turn              (no ring)
MPRegen  0.11/turn              (no ring)
                                (no ring)
                                (no ring)

@: appendages
A: almost no armour, amphibious, 8 rings, tentacle spike 3, camouflage 1,
gelatinous body 1, nimble swimmer 1, tentacles
a: End Transformation


You were on level 3 of the Dungeon.
One of your tentacles had a temporary spike.
You visited 1 branch of the dungeon, and saw 3 of its levels.

You collected 166 gold pieces.

Inventory:

Missiles
 d - 11 boomerangs
 f - 10 poisoned darts (quivered)
Jewellery
 j - a ring of ice
Wands
 p - a wand of digging (4)
Scrolls
 a - a scroll of identify {unknown}
 b - a scroll of random uselessness {unknown}
 g - a scroll of teleportation {unknown}
 n - a scroll of enchant weapon {unknown}
Potions
 c - a potion of ambrosia {unknown}
 e - a potion of curing
 h - a potion of degeneration {unknown}
 i - a potion of lignification {unknown}
 k - a potion of cancellation {unknown}
 l - a potion of magic {unknown}
 m - a potion of heal wounds {unknown}
 o - a potion of experience {unknown}


   Skills:
 + Level 3.0 Fighting
 - Level 2.0 Dodging
 - Level 4.0 Stealth
 + Level 4.1 Unarmed Combat
 - Level 2.0 Spellcasting
 - Level 2.0 Transmutations


You had 2 spell levels left.
You knew the following spells:

 Your Spells              Type           Power      Damage    Failure   Level
a - Beastly Appendage     Tmut           16%        N/A       9%          1
b - Wereblood             Tmut           8%         N/A       14%         2
c - Spider Form           Tmut/Pois      2%         N/A       38%         3

Your spell library contained the following spells:

 Spells                   Type           Power      Damage    Failure   Level
 Ice Form                 Ice/Tmut       4%         N/A       80%         4
 Blade Hands              Tmut           4%         N/A       94%         5


Dungeon Overview and Level Annotations

Branches:
Dungeon (3/15)

Altars:


Innate Abilities, Weirdness & Mutations

You cannot wear most types of armour.
You are amphibious.
You can wear up to eight rings at the same time.
Your skin changes colour to match your surroundings (Stealth+).
Your rubbery body absorbs attacks. (AC +1, EV +1)
You are stealthy while swimming. (Stealth+)
You have tentacles for arms and can constrict up to eight enemies at once.
One of your tentacles bears a large vicious spike.


Message History

You throw a poisoned dart. The poisoned dart hits the bullfrog.
The bullfrog is poisoned.
You throw a poisoned dart. The poisoned dart hits the bullfrog.
A giant cockroach comes into view.
Casting: Wereblood (safe; 14% risk of failure)
Confirm with . or Enter, or press ? or * to list all spells.
You miscast Beastly Appendage.
You are very lightly contaminated with residual magic.
Nothing appears to happen.
The bullfrog hits you.
The giant cockroach waves its antennae.
Casting: Beastly Appendage (safe; 9% risk of failure)
Confirm with . or Enter, or press ? or * to list all spells.
One of your tentacles grows a vicious spike.
The bullfrog hits you! x2
You closely miss the bullfrog. Your grab misses the bullfrog.
Your squeeze misses the bullfrog.
The bullfrog is lightly wounded.
The bullfrog barely misses you.
You tentacle-slap the bullfrog. Your grab misses the bullfrog.
The bullfrog is moderately wounded.
The bullfrog hits you. The bullfrog hits you!
* * * LOW HITPOINT WARNING * * *
You barely miss the bullfrog. Your grab misses the bullfrog.
Your tentacle spike misses the bullfrog.
The bullfrog is heavily wounded.
The bullfrog hits you!
* * * LOW HITPOINT WARNING * * *
Your magical contamination has completely faded away.
Unknown command.
The bullfrog looks more healthy.
The bullfrog closely misses you.
It was a potion of curing.
You feel better. The bullfrog hits you.
* * * LOW HITPOINT WARNING * * *
Unknown command.
You barely miss the bullfrog. You grab the bullfrog.
You pierce the bullfrog, but do no damage.
You tentacle-slap the bullfrog, but do no damage.
The bullfrog is heavily wounded.
You constrict the bullfrog. The bullfrog hits you.
You die...

........#
........#
........#
........#
........#
........#
........####
.
........BF.#
##.#
(...(..###@#
... ..>####
#.# .. ####
#.#
####.########
#.#
............#
#.#
##..........#
#.#
####.......#
#.# ##......#
#.# #......#
#.#


You could see a bullfrog and a giant cockroach.

Vanquished Creatures
  Robin (D:2)
  3 gnolls (D:2)
  3 adders
  A white imp (D:3)
  An ooze (D:1)
  A dart slug (D:2)
  2 leopard geckos
  6 orcs (D:3)
  5 bats
  5 giant cockroaches
  11 hobgoblins
  2 jackals (D:3)
  A quokka (D:2)
  A frilled lizard (D:2)
  13 goblins
  5 kobolds
  8 rats
69 creatures vanquished.

Notes
Turn   | Place    | Note
-------+----------+-------------------------------------------
     0 | D:1      | tilp the Octopode Transmuter began the quest for the Orb.
     0 | D:1      | Reached XP level 1. HP: 13/13 MP: 3/3
    84 | D:1      | Reached skill level 1 in Stealth
   120 | D:1      | Reached XP level 2. HP: 9/18 MP: 5/5
  1043 | D:1      | Reached XP level 3. HP: 19/23 MP: 6/6
  1139 | D:1      | Learned a level 2 spell: Wereblood
  1822 | D:2      | Reached XP level 4. HP: 21/29 MP: 5/7
  2170 | D:2      | Noticed Robin
  2200 | D:2      | Killed Robin
  2717 | D:2      | Reached XP level 5. HP: 17/35 MP: 2/8
  2997 | D:2      | Learned a level 3 spell: Spider Form
  3689 | D:3      | HP: 1/36 [bullfrog (8)]
  3692 | D:3      | Slain by a bullfrog

Illustrated notes

Levels and vault maps discovered:
D:1:      dpeg_arrival_pits, layout_basic, minmay_pentomino_u2
D:2:      layout_loops_cross, uniq_robin
D:3:      layout_basic, chequers_ecumenical_altar_simple_redux, led_sif_pool

Skill      XL: |  1  2  3  4  5 |
---------------+----------------+-----
Stealth        | 2 3 4 |  4.0
Fighting       | 2 3 |  3.0
Unarmed Combat | 4 |  4.1
Dodging        | |  2.0
Spellcasting   | |  2.0
Transmutations | |  2.0

Action                   |  1- 3 |  4- 6 || total
-------------------------+-------+-------++-------
Melee: Unarmed           |    82 |    80 ||   162
       Constrict         |    29 |    23 ||    52
       Tentacles         |    15 |    10 ||    25
       Kick              |     7 |    13 ||    20
       Punch             |     1 |     1 ||     2
Throw: Dart              |     4 |    16 ||    20
 Cast: Beastly Appendage |     5 |    10 ||    15
       Wereblood         |     2 |     4 ||     6
  Use: Potion            |       |     1 ||     1
 Stab: Sleeping          |     7 |     5 ||    12
Armor: Skin              |     7 |     4 ||    11
Dodge: Dodged            |    47 |    30 ||    77

Table legend: (Time is in decaauts)
 A = Elapsed time spent in this place.
 B = Non-inter-level travel time spent in this place.
 C = Inter-level travel time spent in this place.
 D = Time resting spent in this place.
 E = Time spent auto-exploring this place.
 F = Levels seen in this place.
 G = Mean time per level.
                   A        B        C        D        E       F      G
               +--------+--------+--------+--------+--------+-----+--------+
         Total |   3680 |   3622 |     58 |   1058 |   2077 |   3 | 1226.7 |
       Dungeon |   3680 |   3622 |     58 |   1058 |   2077 |   3 | 1226.7 |
               +--------+--------+--------+--------+--------+-----+--------+

Top non-repeatable levels by time:
     D:2: 1621 daAuts
     D:1: 1396 daAuts
     D:3: 662 daAuts
